 Dungeon Crawl Stone Soup version 0.28-a0-768-g8c92f1e708 (webtiles) character file.

Game seed: 4744753161124278469

7980 Conn the Destroyer (level 11, -11/64 HPs)
             Began as an Octopode Fire Elementalist on Oct 31, 2021.
             Was a Priest of Sif Muna.
             Shot with an arrow by a centaur warrior (21 damage)
             ... on level 10 of the Dungeon.
             The game lasted 00:37:06 (14921 turns).

Conn the Destroyer (Octopode Fire Elementalist)    Turns: 14921, Time: 00:37:06

Health: -11/64     AC:  1    Str:  8    XL:     11   Next: 23%
Magic:  11/22      EV: 14    Int: 21    God:    Sif Muna [***...]
Gold:   838        SH:  0    Dex: 14    Spells: 9/25 levels left

rFire   + . .      SeeInvis .   C - +5 short sword of the Maze {flame, rF+ Dex+2}
rCold   . . .      Faith    .   (no shield)
rNeg    . . .      Spirit   .   (helmet restricted)
rPois   .          Reflect  .   (no amulet)
rElec   .          Harm     .   (no ring)
rCorr   .          Rampage  .   (no ring)
Will    .....                   (no ring)
Stlth   +++++.....              (no ring)
HPRegen 0.20/turn               (no ring)
MPRegen 0.18/turn               (no ring)
                                (no ring)
                                (no ring)

@: no status effects
A: almost no armour, amphibious, 8 rings, camouflage 1, gelatinous body 1,
(nimble swimmer 1), tentacles
a: Renounce Religion, Channel Magic, Forget Spell


You were on level 10 of the Dungeon.
You worshipped Sif Muna.
Sif Muna was most pleased with you.
You visited 2 branches of the dungeon, and saw 11 of its levels.
You also visited: Sewer.

You collected 838 gold pieces.

Inventory:

Hand Weapons
 a - a +0 dagger of draining
 k - a +0 dagger
 p - a +2 dagger of flaming
 r - the +7 dagger "Hemiaxt" {vamp, *Noise Will- Str+8 Int+3}
   (You found it on level 6 of the Dungeon)

   It occasionally heals its wielder for a portion of the damage dealt when it
   wounds a living foe.
   Str:       It affects your strength (+8).
   Int:       It affects your intelligence (+3).
   *Noise:    It may make noises in combat.
   Will:      It decreases your willpower.
 C - the +5 short sword of the Maze (weapon) {flame, rF+ Dex+2}
   (You found it on level 8 of the Dungeon)

   It burns those it strikes, dealing additional fire damage.
   Dex:       It affects your dexterity (+2).
   rF:        It protects you from fire.
Missiles
 y - 31 poisoned darts (quivered)
Magical Staves
 w - a staff of cold
Jewellery
 B - a ring of ice
Wands
 d - a wand of digging (3)
 e - a wand of flame (20)
 o - a wand of mindburst (26)
 A - a wand of paralysis (5)
Scrolls
 f - 4 scrolls of amnesia
 h - 2 scrolls of magic mapping
 j - a scroll of holy word
 l - 2 scrolls of teleportation
 n - 2 scrolls of fear
 t - 2 scrolls of fog
 D - a scroll of blinking
Potions
 b - 2 potions of might
 c - a potion of cancellation
 g - a potion of magic
 i - a potion of mutation
 m - a potion of attraction {unknown}
 q - a potion of invisibility {unknown}
 s - a potion of flight {unknown}
 u - a potion of lignification
 v - a potion of haste
 x - a potion of berserk rage
 z - 2 potions of ambrosia


   Skills:
 + Level 2.3 Fighting
 + Level 2.4 Short Blades
 + Level 4.0 Dodging
 + Level 7.5 Stealth
 + Level 7.5 Spellcasting
 * Level 8.3 Conjurations
 + Level 1.2 Hexes
 + Level 7.1 Fire Magic
 * Level 5.8 Earth Magic
 * Level 5.8 Invocations


You had 9 spell levels left.
You knew the following spells:

 Your Spells              Type           Power      Damage    Failure   Level
a - Foxfire               Conj/Fire      100%       2x1d9     1%          1
b - Conjure Flame         Conj/Fire      40%        6-21      1%          3
c - Inner Flame           Hex/Fire       25%        N/A       4%          3
d - Flame Wave            Conj/Fire      40%        3d8       3%          4
e - Scorch                Fire           74%        2d8       1%          2
f - Stone Arrow           Conj/Erth      74%        3d11      1%          3

Your spell library contained the following spells:

 Spells                   Type           Power      Damage    Failure   Level
 Iskenderun's Battlesphe  Conj           43%        2d9       8%          5
 Fireball                 Conj/Fire      20%        3d10      10%         5
 Iskenderun's Mystic Bla  Conj/Tloc      25%        2d7       16%         4
 Petrify                  Tmut/Erth      20%        N/A       24%         4
 Gell's Gravitas          Tloc           3%         N/A       26%         3
 Teleport Other           Tloc           7%         N/A       26%         3
 Iron Shot                Conj/Erth      18%        9d4       56%         6
 Orb of Destruction       Conj           21%        9d9       92%         7
 Conjure Ball Lightning   Conj/Air       12%        3x3d6     93%         6
 Dispersal                Tloc           3%         N/A       100%        6


Dungeon Overview and Level Annotations

Branches:
Dungeon (10/15)            Temple (1/1) D:5            Lair (0/6) D:8
    Orc (0/2) D:9           Sewer (visited)

Altars:
Ashenzari
Cheibriados
Dithmenos
Elyvilon
Gozag
Kikubaaqudgha
Makhleb
Okawaru
Qazlal
Ru
Sif Muna
Vehumet
Xom
Yredelemnul
Zin
The Shining One

Shops:
D:6 [   D:10 (


Innate Abilities, Weirdness & Mutations

You cannot wear most types of armour.
You are amphibious.
You can wear up to eight rings at the same time.
Your skin changes colour to match your surroundings (Stealth+).
Your rubbery body absorbs attacks. (AC +1, EV +1)
((You are camouflaged near water. (Stealth+)))
You have tentacles for arms and can constrict up to eight enemies at once.


Message History

The centaur warrior wields a +0 shortbow.
The centaur warrior shoots an arrow.
The shadow strikes at you from the darkness!
Reactivating autopickup.
Casting: Foxfire (safe; 1% risk of failure)
Confirm with . or Enter, or press ? or * to list all spells.
You conjure some foxfire!
The foxfire hits the shadow but does no damage.
The shadow is almost destroyed.
The foxfire hits the shadow but does no damage.
The shadow is almost destroyed.
The shadow hits you.
Casting: Foxfire (safe; 1% risk of failure)
Confirm with . or Enter, or press ? or * to list all spells.
Casting: Flame Wave (dangerous; 3% risk of failure)
Press: ? - help, Dir - look around, f - activate A wave of flame ripples out!
The flame wave engulfs the shadow.
You destroy the shadow!
Sif Muna accepts your kill. The flame wave engulfs your foxfire.
Your foxfire completely resists.
The flame wave engulfs your foxfire.
Your foxfire completely resists. (Press . to intensify the flame waves.)
You hear an angry buzzing noise.
You hear a horrible gurgling sound!
You hear an angry buzzing noise.
The foxfire hits the centaur warrior.
The centaur warrior is lightly wounded.
The foxfire hits the centaur warrior!
The centaur warrior is moderately wounded.
The centaur warrior shoots an arrow.
The arrow hits you!
A wave of flame ripples out!
The flame wave engulfs the yak!
The yak is moderately wounded.
The flame wave engulfs the centaur warrior.
The centaur warrior is moderately wounded.
You hear a shout!
You hear an angry buzzing noise.
The centaur warrior shoots an arrow.
The arrow hits you!!
* * * LOW HITPOINT WARNING * * *
The centaur warrior shoots an arrow.
The arrow hits you!!
You die...

.......#...### ...#........#...
...#...#.### #..##...........
##...###.#Y{D ...#..###....#.
.........##..# #..##'#.#.....#
.........##..v +...#...##.....
.........###.§# ###..##...###...
.........#.#..§###.....#)#'#.#...
.........'.##.Y#§§...#####...##..
.........#.##.c.@..###.#......#..
.........#.###..§###...##..#..###
...........# #.#'#......#......##
...........# ###.....#..##...####
...........######..###...')###...
..............# #...###..###.#.#.
..............####..#.....#<...#)
.................#.....)########.
...............#.##...###........


You could see a centaur warrior and a yak.

Vanquished Creatures
  Harold (D:7)
  A centaur warrior (D:10)
  A two-headed ogre (D:10)
  2 shadows (D:10)
  4 wyverns
  8 yaks
  A steam dragon (D:8)
  Menkaure (D:4)
  An acid dragon (D:9)
  2 water moccasins
  5 orc warriors
  An ice beast (D:7)
  2 black bears (D:8)
  A sky beast (D:7)
  Pargi (Sewer)
  3 centaurs
  A necrophage (D:6)
  2 ogres
  A kobold brigand (D:9)
  3 bullfrogs
  A gnoll sergeant (D:7)
  A scorpion (D:6)
  2 wyvern zombies
  A wyvern skeleton (D:7)
  A water moccasin skeleton (D:5)
  6 killer bees (D:9)
  A wight (D:7)
  3 howler monkeys (D:7)
  An electric eel (D:10)
  A bullfrog zombie (D:6)
  A hound (D:4)
  A centaur skeleton (D:7)
  4 orc priests
  A bullfrog skeleton (D:5)
  6 jellies
  An iguana (D:4)
  3 gnoll shamans
  12 orc wizards
  A killer bee zombie (D:5)
  A howler monkey skeleton (D:7)
  A howler monkey zombie (D:9)
  12 gnolls
  6 adders
  An adder skeleton (D:4)
  A worm (D:5)
  A dart slug (D:1)
  40 orcs
  2 bats
  16 endoplasms
  6 giant cockroaches
  2 goblins
  A hobgoblin (D:1)
  7 quokkas
  7 ball pythons
  3 frilled lizards
  20 kobolds
  8 rats
  2 bushes (D:1)
227 creatures vanquished.

Vanquished Creatures (collateral kills)
  5 foxfires
5 creatures vanquished.

Vanquished Creatures (others)
  665 foxfires
  11 fungi
  A plant (D:1)
  7 toadstools (D:3)
684 creatures vanquished.

Grand Total: 916 creatures vanquished

Notes
Turn   | Place    | Note
-------+----------+-------------------------------------------
     0 | D:1      | Conn the Octopode Fire Elementalist began the quest for the
                  | Orb.
     0 | D:1      | Reached XP level 1. HP: 11/11 MP: 3/3
   460 | D:1      | Reached XP level 2. HP: 17/17 MP: 0/5
  1041 | D:1      | Found a faded altar of an unknown god.
  1196 | D:1      | Reached XP level 3. HP: 19/21 MP: 3/6
  1494 | D:1      | Learned a level 3 spell: Conjure Flame
  2184 | D:2      | Found a glowing golden altar of the Shining One.
  2648 | D:2      | Learned a level 3 spell: Inner Flame
  2954 | D:3      | Reached XP level 4. HP: 27/27 MP: 1/7
  3055 | D:3      | Found a glowing silver altar of Zin.
  3057 | D:3      | Found a shimmering altar of Xom.
  3057 | D:3      | Found a sacrificial altar of Ru.
  3118 | D:3      | Got the Almanac of the Echidna
  3588 | D:3      | Reached skill level 2 in Conjurations
  3593 | D:3      | Reached XP level 5. HP: 22/31 MP: 2/10
  3946 | D:3      | Found a burning altar of Makhleb.
  3946 | D:3      | Found a glowing silver altar of Zin.
  3946 | D:3      | Found an iron altar of Okawaru.
  4160 | D:4      | Noticed an ogre
  4588 | D:4      | Noticed Menkaure
  4596 | D:4      | Killed Menkaure
  4597 | D:4      | Reached XP level 6. HP: 28/37 MP: 3/11
  4603 | D:4      | Reached skill level 1 in Fighting
  4603 | D:4      | Reached skill level 3 in Conjurations
  4949 | D:4      | Found a stormy altar of Qazlal.
  4991 | D:4      | Reached XP level 7. HP: 43/43 MP: 6/13
  5455 | D:3      | Learned a level 4 spell: Flame Wave
  5458 | D:3      | Learned a level 2 spell: Scorch
  6182 | D:5      | Entered Level 5 of the Dungeon
  6227 | D:5      | Found a radiant altar of Vehumet.
  6374 | D:5      | Reached skill level 5 in Stealth
  6434 | D:5      | Found a staircase to the Ecumenical Temple.
  6714 | Temple   | Entered the Ecumenical Temple
  6721 | Temple   | Became a worshipper of Sif Muna the Loreminder
  6962 | D:5      | Reached skill level 5 in Fire Magic
  7085 | D:5      | Reached skill level 1 in Short Blades
  7488 | D:6      | Found an ancient bone altar of Kikubaaqudgha.
  7504 | D:6      | Reached skill level 5 in Spellcasting
  7504 | D:6      | Reached XP level 8. HP: 38/48 MP: 11/15
  7688 | D:6      | Identified the +7 dagger "Hemiaxt" {vamp, *Noise Will-
                  | Str+8 Int+3}
  7710 | D:6      | Learned a level 3 spell: Stone Arrow
  7768 | D:6      | Reached skill level 4 in Conjurations
  7768 | D:6      | Reached skill level 1 in Earth Magic
  7814 | D:6      | Found Igosoad's Armour Shop.
  7993 | D:6      | Found a glowing drain.
  8027 | Sewer    | Entered a sewer
  8356 | Sewer    | Noticed Pargi
  8365 | Sewer    | Killed Pargi
  8551 | D:6      | Reached skill level 1 in Invocations
  9089 | D:7      | Noticed a wyvern
  9096 | D:7      | Killed a wyvern
  9109 | D:7      | Reached skill level 5 in Conjurations
  9393 | D:7      | Reached XP level 9. HP: 48/54 MP: 17/17
  9573 | D:7      | Noticed Harold
  9577 | D:7      | Reached * piety under Sif Muna
 10143 | D:7      | Killed Harold
 10144 | D:7      | Reached skill level 6 in Conjurations
 10630 | D:7      | Found an iron altar of Okawaru.
 10706 | D:8      | Found a staircase to the Lair.
 10724 | D:8      | Reached XP level 10. HP: 44/60 MP: 10/19
 10979 | D:8      | Found an opulent altar of Gozag.
 10979 | D:8      | Found a glowing golden altar of the Shining One.
 11349 | D:8      | Found a burning altar of Makhleb.
 11386 | D:8      | Identified the +5 short sword of the Maze {flame, rF+
                  | Dex+2}
 11569 | D:8      | Reached skill level 7 in Conjurations
 11838 | D:9      | Reached ** piety under Sif Muna
 12005 | D:9      | Found a white marble altar of Elyvilon.
 12025 | D:9      | Reached skill level 1 in Hexes
 12031 | D:9      | Reached skill level 5 in Earth Magic
 12189 | D:9      | HP: 1/60 [acid dragon/splash of acid (37)]
 12717 | D:9      | Found a staircase to the Orcish Mines.
 12734 | D:9      | HP: 3/60 [orc priest/divine providence (14)]
 13408 | D:10     | Entered Level 10 of the Dungeon
 13659 | D:10     | Noticed a two-headed ogre
 13674 | D:10     | Killed a two-headed ogre
 13675 | D:10     | Reached skill level 5 in Invocations
 13791 | D:10     | Found Woimysch's Antique Weapon Shop.
 13909 | D:10     | Reached skill level 8 in Conjurations
 13909 | D:10     | Reached XP level 11. HP: 64/64 MP: 11/21
 14009 | D:10     | Reached *** piety under Sif Muna
 14550 | D:10     | Noticed a centaur warrior
 14571 | D:10     | Killed a centaur warrior
 14901 | D:10     | Noticed a cyclops
 14901 | D:10     | Noticed a red ugly thing
 14916 | D:10     | Noticed a centaur warrior
 14921 | D:10     | Shot with an arrow by a centaur warrior

Illustrated notes

Levels and vault maps discovered:
D:1:      dpeg_arrival_tiny_c, layout_basic,
          shapermc_ecumenical_altar_notcrosses, serial_forest,
          infiniplex_forest_lined_room_, infiniplex_forest_end_2,
          infiniplex_forest_clump_curved, infiniplex_forest_clump_curved,
          infiniplex_forest_lined_room_3, infiniplex_forest_lined_corner,
          infiniplex_forest_lined_2, infiniplex_forest_clump_double,
          minmay_misc_feat_chi
D:2:      layout_basic, basic_altar
D:3:      cheibrodos_fertilizer, layout_basic, doesnt_xom_only_xom,
          minmay_misc_feat_ornament, kennysheep_another_room
D:4:      layout_basic, old_standard_altar, hangedman_decor_clover_reticule,
          uniq_menkaure
D:5:      layout_basic, vehumet_crystals, minmay_temple_entry_trees
D:6:      layout_loops_corners, mainiacjoe_overflow_24_doors, serial_rivers,
          chequers_serial_rivers_small_a, chequers_serial_rivers_large_b,
          chequers_serial_rivers_micro_c, chequers_serial_rivers_micro_d,
          chequers_serial_rivers_micro_b, serial_shops, shop,
          gup_sewer_entry_glass, kennysheep_generic_room_5
D:7:      layout_rooms, marbit_many_paths, minmay_starry_boxes, uniq_harold
D:8:      layout_loops_ring, mainiacjoe_overflow_chevrons,
          gammafunk_temple_overflow_elements, david_lair_generic
D:9:      layout_cave_pools, amcnicky_altar_gilded, david_orc_1_choice,
          serial_rivers, chequers_serial_rivers_small_a,
          chequers_serial_rivers_room_a, chequers_serial_rivers_room_a,
          chequers_serial_rivers_small_3, enter_bailey_2
D:10:     minmay_slanted_spiral_squares, layout_basic, serial_shops,
          nicolae_shop_crystal, minivault_22, minmay_crystal_water
Temple:   cyrus_circular_temple

Skill      XL: |  1  2  3  4  5  6  7  8  9 10 11 |
---------------+----------------------------------+-----
Stealth        | 3 4 5 6 7 |  7.5
Spellcasting   | 3 4 5 6 7 |  7.5
Conjurations   | 2 3 5 6 8 |  8.3
Fire Magic     | 4 5 6 7 |  7.1
Fighting       | 1 2 |  2.3
Short Blades   | 1 2 |  2.4
Earth Magic    | 2 4 5 |  5.8
Invocations    | 2 4 5 |  5.8
Dodging        | 3 4 |  4.0
Hexes          | 1 |  1.2

Action                   |  1- 3 |  4- 6 |  7- 9 | 10-12 || total
-------------------------+-------+-------+-------+-------++-------
Melee: Unarmed           |   587 |       |       |       ||   587
       Tentacles         |   153 |     4 |    14 |    10 ||   181
       Constrict         |     6 |     3 |    14 |     7 ||    30
       Dagger            |     9 |    26 |    67 |    30 ||   132
       Short sword       |       |       |       |    15 ||    15
Throw: Throwing net      |       |       |       |     2 ||     2
 Cast: Foxfire           |    74 |    48 |   150 |   113 ||   385
       Inner Flame       |       |     1 |     4 |     7 ||    12
       Flame Wave        |       |       |     7 |    16 ||    23
       Scorch            |       |       |     2 |    11 ||    13
       Conjure Flame     |       |       |     2 |       ||     2
       Stone Arrow       |       |       |       |     1 ||     1
Evoke: Wand              |       |       |       |     5 ||     5
  Use: Scroll            |     3 |       |     3 |    14 ||    20
       Potion            |     1 |       |     6 |     1 ||     8
 Stab: Sleeping          |       |     2 |    10 |     5 ||    17
Armor: Skin              |     1 |     1 |     1 |     2 ||     5
Dodge: Dodged            |    22 |    28 |    97 |    45 ||   192

Table legend: (Time is in decaauts)
 A = Elapsed time spent in this place.
 B = Non-inter-level travel time spent in this place.
 C = Inter-level travel time spent in this place.
 D = Time resting spent in this place.
 E = Time spent auto-exploring this place.
 F = Levels seen in this place.
 G = Mean time per level.
                   A        B        C        D        E       F      G
               +--------+--------+--------+--------+--------+-----+--------+
         Total |  14916 |  14763 |    153 |   1944 |   8820 |  12 | 1243.0 |
       Dungeon |  14481 |  14328 |    153 |   1751 |   8700 |  10 | 1448.1 |
        Temple |     14 |     14 |      0 |      0 |      0 |   1 |   14.0 |
         Sewer |    419 |    419 |      0 |    193 |    120 |   1 |  419.0 |
               +--------+--------+--------+--------+--------+-----+--------+

Top non-repeatable levels by time:
     D:1: 2047 daAuts
     D:4: 1816 daAuts
     D:3: 1715 daAuts
     D:8: 1656 daAuts
    D:10: 1512 daAuts
     D:6: 1461 daAuts
     D:9: 1282 daAuts
     D:5: 1266 daAuts
     D:7: 1122 daAuts
     D:2: 601 daAuts
   Sewer: 419 daAuts
  Temple: 14 daAuts
